 Dungeon Crawl Stone Soup version 0.24-a0-549-g45f0056d81 (webtiles) character file.

Game seed: 14090404864166362874

216 EnegeticOcto the Poker (level 5, 0/55 HPs)
             Began as an Ogre Skald on Aug 20, 2019.
             Slain by an orc
             ... wielding a +1 dagger of venom
              (3 damage)
             ... on level 3 of the Dungeon.
             The game lasted 00:03:23 (3208 turns).

EnegeticOcto the Poker (Ogre Skald)                 Turns: 3208, Time: 00:03:23

Health: 0/55       AC:  3    Str: 16    XL:     5   Next: 93%
Magic:  10/17      EV: 10    Int: 19    God:
Gold:   135        SH:  0    Dex:  8    Spells: 5/8 levels left

rFire    . . .     SeeInvis .   a - +0 spear
rCold    . . .     Gourm    .   (no shield)
rNeg     . . .     Faith    .   b - +0 robe
rPois    .         Spirit   .   (helmet restricted)
rElec    .         Reflect  .   (no cloak)
rCorr    +         Harm     .   (gloves unavailable)
MR       .....                  (boots unavailable)
Stlth    +.........             (no amulet)
HPRegen  0.18/turn              g - ring of resist corrosion
MPRegen  0.15/turn              k - ring of magical power

@: brilliant, lethally poisoned (0 -> -4)
A: large, unfitting armour, tough skin 1
a: no special abilities


You were on level 3 of the Dungeon.
You were hungry.

You visited 1 branch of the dungeon, and saw 3 of its levels.

You collected 135 gold pieces.

Inventory:

Hand Weapons
 a - a +0 spear (weapon)
Armour
 b - a +0 robe (worn)
Jewellery
 g - a ring of resist corrosion (left hand)
 k - a ring of magical power (right hand)
Scrolls
 c - a scroll of immolation {unknown}
 h - a scroll of blinking {unknown}
 i - a scroll of magic mapping {unknown}
 j - 2 scrolls of teleportation {unknown}
 l - a scroll of enchant weapon {unknown}
 n - a scroll of identify {unknown}
 o - a scroll of amnesia {unknown}
Comestibles
 e - 8 rations
 m - 11 chunks of flesh


   Skills:
 + Level 4.9 Fighting
 * Level 5.0 Polearms
 - Level 2.1 Dodging
 - Level 2.4 Spellcasting
 - Level 2.6 Charms


You had 5 spell levels left.
You knew the following spells:

 Your Spells              Type           Power        Failure   Level  Hunger
a - Infusion              Chrm           ###.         1%          1    #......
b - Shroud of Golubria    Chrm/Tloc      ###...       1%          2    ##.....

Your spell library contained the following spells:

 Spells                   Type           Power        Failure   Level  Hunger
 Song of Slaying          Chrm           ###.....     1%          2    ##.....
 Regeneration             Chrm/Necr      ###.......   3%          3    ###....
 Spectral Weapon          Hex/Chrm       ###.....     3%          3    ###....


Dungeon Overview and Level Annotations

Branches:
Dungeon (3/15)

Altars:
Makhleb


Innate Abilities, Weirdness & Mutations

You are too large for most types of armour.
You have tough skin. (AC +1)


Message History

An orc priest comes into view. It is wielding a +0 flail.
You are feeling hungry.
You closely miss the orc priest.
The orc priest shouts!
Your shroud bends the orc priest's attack away.
You hit the orc priest.
The orc priest is moderately wounded.
The orc priest miscasts a cantrip.
The orc priest closely misses you.
You hit the orc priest.
The orc priest is severely wounded.
You hit the orc priest but do no damage.
The orc priest is severely wounded.
Your shroud begins to fray at the edges.
The orc priest hits you with a +0 hand axe.
Your shroud falls apart!
The orc priest casts a cantrip, but nothing happens.
The orc closely misses you.
You hit the orc priest.
The orc priest is severely wounded.
The orc priest miscasts a cantrip.
You hit the orc priest.
You kill the orc priest!
Your Polearms skill increases to level 5!
The orc hits you but does no damage.
You are poisoned.
The orc priest invokes the aid of Beogh against you.
Beogh smites you!
You are too injured to fight recklessly!
You are too injured to fight recklessly!
You closely miss the orc.
You feel sick.
The orc hits you with a +2 whip of venom.
You hit the orc.
The orc is almost dead.
You feel sick. The orc hits you but does no damage.
You are more poisoned.
You barely miss the orc.
The orc is almost dead.
You feel sick. The orc barely misses you.
You feel sick.
Things that are here:
a +0 falchion; a +0 leather armour; an orc skeleton You hit the orc.
You kill the orc!
You feel sick.
Attack whom?
Press: ? - help, Dir - move target cursor, f - orc priest
Aim: an orc priest, wielding a +0 flail and wearing a +0 leather armour You reach to attack!
You barely miss the orc priest.
You feel sick.
You hit the orc priest.
The orc priest is moderately wounded.
Your magical infusion is running out.
You feel sick.
The orc priest calls down the wrath of Beogh upon you.
Beogh smites you!
* * * LOW HITPOINT WARNING * * *
You hit the orc priest.
The orc priest is heavily wounded.
The orc priest hits you with a +0 flail.
* * * LOW HITPOINT WARNING * * *
It was a potion of curing.
You feel better.
You hit the orc priest.
The orc priest is severely wounded.
The orc priest barely misses you.
You closely miss the orc priest.
The orc priest is severely wounded.
The orc priest calls down the wrath of Beogh upon you.
You struggle to resist.
An orc comes into view. It is wielding a +1 dagger of venom.
You closely miss the orc priest.
The orc priest is severely wounded.
The orc shouts!
You hear a shout!
The orc priest mumbles some strange prayers to Beogh against you.
You struggle to resist.
You completely miss the orc priest.
The orc priest is severely wounded.
The orc priest casts a cantrip, but nothing happens.
You hit the orc priest.
The orc priest is almost dead.
You are no longer magically infusing your attacks.
The orc hits you but does no damage.
You are poisoned.
The orc priest hits you with a +0 flail!
* * * LOW HITPOINT WARNING * * *
* * * LOW HITPOINT WARNING * * *
You feel sick.
An orc comes into view. It is wielding a +0 whip.
Things that are here:
a +0 hand axe; an orc corpse
Okay, then.
It was a potion of brilliance.
You feel clever all of a sudden.
* * * LOW HITPOINT WARNING * * *
You feel sick.
* * * LOW HITPOINT WARNING * * *
You feel sick.
* * * LOW HITPOINT WARNING * * *
You feel sick.
The orc hits you with a +1 dagger of venom.
You die...

............#....#
........#######.## .........#
#.# .....# .........# #.#
.....# .........# #.# .....#
########.## #.# .....#
..........# #.# .....#
..........#####.######.....##
................@ooo)).......
...........####)##........##
............# #.##...†....#
..........#.# #.##........#
..........#..##.##........#
..........##.##.##........#
..........# .##.##........#
########### ............. #
#.############


You could see an orc priest and 2 orcs.

Vanquished Creatures
  2 orc priests (D:3)
  An orc wizard (D:3)
  5 adders
  A worm (D:2)
  A dart slug (D:3)
  3 leopard geckos
  10 orcs (D:3)
  2 ball pythons (D:2)
  8 giant cockroaches
  6 goblins
  5 hobgoblins
  A quokka (D:3)
  10 bats
  3 frilled lizards
  8 kobolds
  3 rats
69 creatures vanquished.

Notes
Turn   | Place    | Note
-------+----------+-------------------------------------------
     0 | D:1      | EnegeticOcto the Ogre Skald began the quest for the Orb.
     0 | D:1      | Reached XP level 1. HP: 22/22 MP: 3/3
   204 | D:1      | Reached XP level 2. HP: 28/31 MP: 0/5
   777 | D:2      | Found a burning altar of Makhleb.
   779 | D:2      | Noticed an Executioner
   783 | D:2      | Noticed a hellwing
   783 | D:2      | Noticed an orange demon
   912 | D:2      | Learned a level 2 spell: Shroud of Golubria
   921 | D:2      | Reached skill level 3 in Polearms
   921 | D:2      | Reached XP level 3. HP: 32/37 MP: 6/6
  1639 | D:2      | Reached XP level 4. HP: 22/48 MP: 7/7
  2516 | D:3      | Reached skill level 4 in Polearms
  2594 | D:3      | Reached XP level 5. HP: 33/55 MP: 8/8
  3190 | D:3      | Reached skill level 5 in Polearms
  3208 | D:3      | Slain by an orc

Levels and vault maps discovered:
D:1:      lightli_arrival_chessboard, layout_basic,
          chequers_serial_rivers_large_b, chequers_serial_rivers_small_b
D:2:      layout_loops_ring, makhleb_altar_promises_db, minmay_pentomino_o2
D:3:      layout_basic, nicolae_ru_sacrificial_ziggurat,
          grunt_temple_overflow_open, first_ration

Skill      XL: |  1  2  3  4  5 |
---------------+----------------+-----
Fighting       | 3 4 |  4.9
Polearms       | 3 4 5 |  5.0
Dodging        | |  2.1
Spellcasting   | |  2.4
Charms         | |  2.6

Action                   |  1- 3 |  4- 6 || total
-------------------------+-------+-------++-------
Melee: Spear             |   131 |   186 ||   317
 Cast: Infusion          |     5 |     4 ||     9
       Shroud of Golubri |     1 |     8 ||     9
  Use: Potion            |       |     2 ||     2
  Eat: Chunk             |     2 |     6 ||     8
Armor: Robe              |    29 |    34 ||    63
Dodge: Dodged            |    47 |    66 ||   113

Table legend:
 A = Non-vault XP
 B = Vault XP
 C = Vault XP percentage of total XP
 D = Non-vault monster count
 E = Vault monster count
 F = Vault count percentage of total count
                 A         B        C        D         E       F
            +---------+---------+-------+---------+---------+-------
      Total |     306 |       3 |   1.0 |      67 |       2 |   2.9
            +---------+---------+-------+---------+---------+-------
        D:1 |      20 |       0 |   0.0 |      13 |       0 |   0.0
        D:2 |      88 |       3 |   3.3 |      22 |       2 |   8.3
        D:3 |     198 |       0 |   0.0 |      32 |       0 |   0.0
            +---------+---------+-------+---------+---------+-------
